 Dungeon Crawl Stone Soup version 0.25-a0-178-gc9f82b1288 (webtiles) character file.

Game seed: 15627198894555795629, levelgen mode: deterministic

42 Leeroy the Conjurer (level 3, -3/31 HPs)
             Began as a Draconian Conjurer on Nov 26, 2019.
             Slain by Grinder (5 damage)
             ... on level 3 of the Dungeon.
             The game lasted 00:05:35 (1074 turns).

Leeroy the Conjurer (Draconian Conjurer)            Turns: 1074, Time: 00:05:35

Health: -3/31      AC:  5    Str: 10    XL:     3   Next: 35%
Magic:  4/6        EV: 12    Int: 16    God:
Gold:   77         SH:  0    Dex: 11    Spells: 3/6 levels left

rFire    . . .     SeeInvis .   i - +0 short sword
rCold    . . .     Gourm    .   (no shield)
rNeg     . . .     Faith    .   (armour unavailable)
rPois    .         Spirit   .   (helmet restricted)
rElec    .         Reflect  .   (no cloak)
rCorr    .         Harm     .   (no gloves)
MR       .....                  (no boots)
Stlth    ++........             (no amulet)
HPRegen  0.10/turn              (no ring)
MPRegen  0.10/turn              (no ring)

@: invisible
A: unfitting armour, cold-blooded, AC +5
a: no special abilities


You were on level 3 of the Dungeon.
You were hungry.

You visited 1 branch of the dungeon, and saw 3 of its levels.

You collected 77 gold pieces.

Inventory:

Hand Weapons
 d - a +0 whip
 e - a +0 mace
 i - a +0 short sword (weapon)
 k - a +0 dagger
Missiles
 j - 88 stones (quivered)
 m - 5 large rocks
Scrolls
 f - a scroll of identify {unknown}
 g - a scroll of teleportation {unknown}
 h - 2 scrolls of noise {unknown}
 n - 2 scrolls of amnesia {unknown}
 o - a scroll of enchant weapon {unknown}
 p - a scroll of magic mapping {unknown}
Potions
 a - a potion of mutation {unknown}
 c - a potion of invisibility
 l - a potion of haste {unknown}
Comestibles
 b - a ration


   Skills:
 - Level 3.0 Fighting
 - Level 1.7 Dodging
 - Level 1.7 Stealth
 - Level 2.0 Spellcasting
 + Level 4.2 Conjurations


You had 3 spell levels left.
You knew the following spells:

 Your Spells              Type           Power        Failure   Level  Hunger
a - Magic Dart            Conj           ###.         3%          1    #......
b - Searing Ray           Conj           ###...       5%          2    ###....

Your spell library contained the following spells:

 Spells                   Type           Power        Failure   Level  Hunger
 Dazzling Spray           Conj/Hex       #.....       26%         3    ###....
 Iskenderun's Mystic Bla  Conj           ###.....     34%         4    #####..
 Force Lance              Conj/Tloc      #.......     65%         4    #####..
 Fulminant Prism          Conj/Hex       #.........   65%         4    #####..


Dungeon Overview and Level Annotations

Branches:
Dungeon (3/15)

Altars:

Annotations:
D:2 Sigmund
D:3 Grinder


Innate Abilities, Weirdness & Mutations

Your plain brown scales are hard. (AC +5)
You cannot fit into any form of body armour.
You are cold-blooded and may be slowed by cold attacks.


Message History

Grinder blinks!
Grinder gestures at you.
You shrug off the repeated paralysis!
Grinder blinks!
You can move again.
There is a stone staircase leading up here.
Grinder blinks!
There is a stone staircase leading up here.
Grinder gestures at you. Pain shoots through your body!
* * * LOW HITPOINT WARNING * * *
There is a stone staircase leading up here.
You hit Grinder.
Your tail-slap misses Grinder.
Grinder is moderately wounded.
Grinder hits you.
* * * LOW HITPOINT WARNING * * *
It was a potion of invisibility.
You fade into invisibility!
Grinder hits you.
You die...

#.. #.# #.#
######.#
#......#
#.###5.# #.#
##.# # #.#
#.########.#
#.#
##....5@....#
...
#..########.#
...
#.........#.#
...
#..######.#.##
≈...≈#(## ..##
#.# .>. #.# ..
#.## .#
#..########.#


You could see Grinder.

Vanquished Creatures
  An ooze (D:2)
  2 dart slugs
  A leopard gecko (D:1)
  A ball python (D:2)
  7 bats
  3 goblins
  5 hobgoblins
  5 frilled lizards
  5 kobolds (D:1)
  3 rats (D:1)
  A rat zombie (D:3)
34 creatures vanquished.

Notes
Turn   | Place    | Note
-------+----------+-------------------------------------------
     0 | D:1      | Leeroy the Draconian Conjurer began the quest for the Orb.
     0 | D:1      | Reached XP level 1. HP: 14/14 MP: 3/3
    29 | D:1      | Reached skill level 1 in Fighting
   106 | D:1      | Reached XP level 2. HP: 22/24 MP: 5/5
   799 | D:2      | Reached XP level 3. HP: 27/31 MP: 6/6
   940 | D:2      | Noticed Sigmund
  1035 | D:3      | Noticed Grinder
  1054 | D:3      | Learned a level 2 spell: Searing Ray
  1062 | D:3      | Paralysed by Grinder for 4 turns
  1074 | D:3      | Slain by Grinder

Levels and vault maps discovered:
D:1:      erik_arrival_blinker_ship, layout_basic, serial_corexii_hall,
          corexii_hall_statues_l, corexii_hall_statues_u,
          chequers_serial_rivers_small_a, minmay_pentomino_s2
D:2:      layout_loops_ring, first_ration, uniq_sigmund
D:3:      layout_loops_ring, nicolae_overflow_crystal_walls,
          lemuel_doored_altar, lemuel_zombie_altar_kikubaaqudgha, uniq_grinder

Skill      XL: |  1  2 |
---------------+-------+-----
Fighting       | 1 3 |  3.0
Dodging        | |  1.7
Stealth        | |  1.7
Spellcasting   | |  2.0
Conjurations   | |  4.2

Action                   || total
-------------------------++-------
Melee: Whip              ||    50
       Unarmed           ||     9
       Tailslap          ||     7
       Short sword       ||    82
 Cast: Magic Dart        ||     7
  Use: Potion            ||     1
 Stab: Sleeping          ||     4
Armor: Skin              ||    46
Dodge: Dodged            ||   129

Table legend:
 A = Non-vault XP
 B = Vault XP
 C = Vault XP percentage of total XP
 D = Non-vault monster count
 E = Vault monster count
 F = Vault count percentage of total count
                 A         B        C        D         E       F
            +---------+---------+-------+---------+---------+-------
      Total |      58 |       3 |   4.9 |      32 |       2 |   5.9
            +---------+---------+-------+---------+---------+-------
        D:1 |      30 |       2 |   6.2 |      20 |       1 |   4.8
        D:2 |      24 |       0 |   0.0 |      11 |       0 |   0.0
        D:3 |       4 |       1 |  20.0 |       1 |       1 |  50.0
            +---------+---------+-------+---------+---------+-------
